 Dungeon Crawl Stone Soup version 0.30-a0-760-g5a9884bb7c (webtiles) character file.

Game seed: 6580260664433965151

88 Kenran the Cudgeller (level 4, -6/60 HPs)
             Began as an Armataur Berserker on Feb 11, 2023.
             Was a Believer of Trog.
             Mangled by a gnoll
             ... wielding a +3 flail
              (8 damage)
             ... on level 2 of the Dungeon.
             The game lasted 00:04:44 (1849 turns).

Kenran the Cudgeller (Armataur Berserker)           Turns: 1849, Time: 00:04:45

Health: -6/60      AC:  4    Str: 24    XL:     4   Next: 30%
Magic:  4/4        EV:  9    Int:  8    God:    Trog [**....]
Gold:   72         SH:  0    Dex:  9    Spells: 3/3 levels left

rFire   . . .      SeeInvis +    a - +0 mace
rCold   . . .      Faith    .    (no shield)
rNeg    . . .      Spirit   .    b - +0 animal skin
rPois   .          Reflect  .    (no helmet)
rElec   .          Harm     .    (no cloak)
rCorr   .          Roll     +    (no gloves)
Will    .....                    (no barding) Stlth
                                 (no amulet)
HPRegen 0.30/turn                j - ring of see invisible
MPRegen 0.09/turn                (no ring)

@: berserking, very quick
A: large, rugged brown scales 3, deformed body, armoured tail, roll, long
tongue, awkward tongue
a: Renounce Religion, Berserk, Trog's Hand


You were on level 2 of the Dungeon.
You worshipped Trog.
Trog was pleased with you.
You visited 1 branch of the dungeon, and saw 3 of its levels.

You collected 72 gold pieces.

Inventory:

Hand Weapons
 a - a +0 mace (weapon)
Missiles
 c - 5 poisoned darts (quivered)
Armour
 b - a +0 animal skin (worn)
Jewellery
 j - a ring of see invisible (left hand)
Scrolls
 e - a scroll of torment {unknown}
 f - 2 scrolls of teleportation
 g - a scroll of identify {unknown}
 i - 2 scrolls of summoning {unknown}
 m - a scroll of immolation {unknown}
 o - a scroll of enchant weapon {unknown}
Potions
 d - a potion of attraction {unknown}
 h - 2 potions of mutation {unknown}
 k - a potion of might {unknown}
 l - a potion of haste {unknown}
 n - a potion of degeneration {unknown}
 p - a potion of resistance


   Skills:
 + Level 3.1 Fighting
 * Level 4.1 Maces & Flails
 + Level 3.1 Armour
 - Level 1.3 Dodging


You had 3 spell levels left.
You didn't know any spells.
Your spell library was empty.

Dungeon Overview and Level Annotations

Branches:
Dungeon (3/15)

Altars:


Innate Abilities, Weirdness & Mutations

You are completely covered in rugged brown scales. (AC +3, +7% HP)
Armour fits poorly on your strangely shaped body.
You have a long armoured tail.
You roll when moving toward enemies. (Rampage)
Your long tongue fully drains potion bottles. (2x potion effects)
Your tongue gives you trouble enunciating. (1.5x scroll delay)


Message History

The ball python attacks as you move away!
The ball python bites you.
The goblin shoots a sling bullet.
The sling bullet hits you. The ball python closely misses you.
There is a stone staircase leading up here.
The goblin shoots a sling bullet.
The sling bullet hits you. The ball python bites you.
* * * LOW HITPOINT WARNING * * *
You climb upwards.
There is a stone staircase leading down here.
You are too injured to fight recklessly!
You are too injured to fight recklessly!
You are too injured to fight recklessly!
You hit the ball python.
You kill the ball python!
Trog accepts your kill.
You start resting.
HP restored.
There is a stone staircase leading down here.
You climb downwards.
The gnoll barely misses you. The gnoll hits you with a +3 flail!
There is a stone staircase leading up, spattered with blood here.
The gnoll hits you with a +3 flail. The gnoll hits you with a +0 flail!
The goblin shoots a sling bullet.
The sling bullet hits you.
You climb upwards.
There is a stone staircase leading down here.
A red film seems to cover your vision as you go berserk!
You feel yourself moving faster!
You feel mighty! The gnoll misses you. The gnoll hits you with a +0 flail!
* * * LOW HITPOINT WARNING * * *
You sock the gnoll!
The gnoll is severely wounded.
The gnoll barely misses you. The gnoll hits you with a +0 flail.
* * * LOW HITPOINT WARNING * * *
You sock the gnoll!
You kill the gnoll!
Trog accepts your kill. The gnoll hits you with a +3 flail!
* * * LOW HITPOINT WARNING * * *
You closely miss the gnoll. The gnoll hits you with a +3 flail!
You die...

.# #####.# ##...## .# #.#
##.#### .# #.# #.##.## .#
#.# #.#.#.## .# ##.##
#..###.## .# #...# #.##
##.# .# ###...### ##.###.##
.#
########....)..#######.#.##
.# #..........@.......#
##.## .#
#.######.)g....###.# #.#
.#####.# ###...### #.#
#.#### .......########...#
#.# #.....
#########....รท...## #.#
#..### #.########
#.####..### ####.#
#.......... #....#
######..### #.#### #.....


You could see a gnoll.

Vanquished Creatures
  A gnoll (D:2)
  2 adders
  A dart slug (D:2)
  6 ball pythons
  10 endoplasms
  A giant cockroach (D:1)
  4 goblins
  7 hobgoblins
  5 kobolds
  3 quokkas (D:1)
  4 bats (D:2)
  2 frilled lizards (D:1)
  7 rats
53 creatures vanquished.

Notes
Turn   | Place    | Note
-------+----------+-------------------------------------------
     0 | D:1      | Kenran the Armataur Berserker began the quest for the Orb.
     0 | D:1      | Reached XP level 1. HP: 19/19 MP: 1/1
   141 | D:1      | Reached skill level 3 in Maces & Flails
   168 | D:1      | Reached XP level 2. HP: 13/27 MP: 2/2
   692 | D:1      | Reached XP level 3. HP: 30/33 MP: 3/3
  1034 | D:2      | Reached skill level 4 in Maces & Flails
  1099 | D:2      | Reached ** piety under Trog
  1139 | D:2      | Found a faded altar of an unknown god.
  1692 | D:3      | Reached XP level 4. HP: 40/40 MP: 4/4
  1848 | D:2      | HP: 2/60 [gnoll/+3 flail (12)]
  1849 | D:2      | Mangled by a gnoll

Illustrated notes

Levels and vault maps discovered:
D:1:      matt_arrival_los_fun, layout_loops_ring, minmay_split_cup_small
D:2:      layout_loops_ring, hellmonk_ecumenical_altar_pennies_from_heaven,
          kennysheep_generic_room_11
D:3:      layout_rooms, nicolae_sif_muna_condensation, gammafunk_ghost_grave,
          kennysheep_cluttered_room

Skill      XL: |  1  2  3 |
---------------+----------+-----
Fighting       | 3 |  3.1
Maces & Flails | 3 4 |  4.1
Armour         | 3 |  3.1
Dodging        | |  1.3

Action                     |  1- 3 |  4- 6 || total
---------------------------+-------+-------++-------
  Melee: Mace              |   139 |     9 ||   148
         Tailslap          |     6 |       ||     6
 Invoke: Berserk           |     1 |     1 ||     2
    Use: Scroll            |     2 |       ||     2
   Stab: Sleeping          |     2 |       ||     2
 Armour: Animal skin       |    56 |     7 ||    63
  Dodge: Dodged            |    61 |    12 ||    73

Table legend: (Time is in decaauts)
 A = Elapsed time spent in this place.
 B = Non-inter-level travel time spent in this place.
 C = Inter-level travel time spent in this place.
 D = Time resting spent in this place.
 E = Time spent auto-exploring this place.
 F = Levels seen in this place.
 G = Mean time per level.
                   A        B        C        D        E       F      G
               +--------+--------+--------+--------+--------+-----+--------+
         Total |   1890 |   1856 |     34 |    178 |   1020 |   3 |  630.0 |
       Dungeon |   1890 |   1856 |     34 |    178 |   1020 |   3 |  630.0 |
               +--------+--------+--------+--------+--------+-----+--------+

Top non-repeatable levels by time:
     D:2: 996 daAuts
     D:1: 843 daAuts
     D:3: 50 daAuts
